[Event "Slovakia Open 2022"]
[Site "Bratislava"]
[Date "2022.09.30"]
[Round "3.30"]
[White "Pekar, Matus"]
[Black "Kushko, Dmitriy"]
[Result "0-1"]
[ECO "A41"]
[WhiteElo "1679"]
[BlackElo "2302"]
[Annotator "TA"]
[PlyCount "112"]
[EventDate "2022.09.30"]
[EventCountry "SVK"]
[SourceTitle "playchess.com"]
[Source "ChessBase"]
[SourceQuality "1"]
[TimeControl "2700+10"]

1. d4 d6 2. Nc3 g6 3. Bf4 Bg7 4. Qd2 Nc6 5. Nf3 Bg4 6. e3 {[%emt 0:01:00] A41: 1 d4 d6: Tartakower System and Modern Defence.} (6. d5 $1 $14 Ne5 7. O-O-O) 6... e5 $11 7. Bg5 f6 {[%emt 0:01:24] [#] White must now prevent ...Bxf3.} 8. Bh4 {[%emt 0:00:32] The position is equal.} Bxf3 9. gxf3 exd4 {[%emt 0:00:04] [#]} 10. exd4 $146 ({Predecessor:} 10. Nb5 Nge7 11. Nxd4 Nxd4 12. Qxd4 O-O 13. e4 Kh8 14. f4 f5 15. Qd2 fxe4 16. O-O-O {0-1 (37) Jovovic,M (2065)-Arapovic,V (2331) Sarajevo 2019}) 10... d5 11. O-O-O Bh6 12. f4 Qd6 13. Bg3 O-O-O 14. Kb1 (14. Bg2 $14) 14... f5 15. f3 Nf6 16. Nb5 Qf8 17. a3 (17. Nc3 $15) 17... a6 $17 18. Nc3 Qd6 19. Na4 Nh5 {[%emt 0:00:12][%cal Rh6f4] Black is more active.} 20. Nc5 Bxf4 21. Bxf4 Nxf4 22. Qc3 (22. c3 $142) 22... Ne6 {[%emt 0:00:06] Pair of Knights!} 23. Nb3 Rhe8 24. Re1 Re7 25. Rxe6 $4 {[%emt 0:01:11][%mdl 8192] This move loses the game for White.} Qxe6 $19 (25... Rxe6 $2 {is the wrong capture.} 26. Nc5 $19) 26. Bd3 Nb8 27. Qb4 Qd6 {[%emt 0:00:36] Hoping for ...Qxb4.} 28. Qa4 Rde8 29. Nc5 Nd7 30. Nb3 Re1+ 31. Rxe1 Rxe1+ 32. Ka2 Re6 33. Qa5 c6 34. Qd2 Kb8 35. Qg5 Re7 36. h4 f4 37. h5 Qf6 38. Qg4 gxh5 39. Qxh5 h6 40. Qh3 Rf7 41. Qg4 Kc7 42. Qg1 h5 43. Qe1 h4 {[%emt 0:00:19] [#] And now ...h3 would win.} 44. Qa5+ (44. Bf1 $142 Re7 45. Qa5+ b6 46. Qxa6) 44... Kc8 {[%emt 0:00:01] Strongly threatening ...h3.} 45. Qb4 Qe7 {[%emt 0:00:15] ...Qxb4 is the strong threat.} 46. Qa4 Nb8 (46... h3 $142 47. Bxa6 Qd6) 47. c4 (47. Bf1 $142) 47... dxc4 48. Bxc4 b5 49. Bxb5 cxb5 50. Qa5 h3 51. Qb6 Rf6 52. Qa5 h2 53. Nc5 h1=Q {[%emt 0:00:07] Black mates.} 54. Qd2 Qf7+ 55. d5 Qxf3 56. Ne6 Qd3 {[%emt 0:00:05] Weighted Error Value: White=0.47/Black=0.14 (very precise)} 0-1

[Event "Slovakia Open 2022"]
[Site "Bratislava"]
[Date "2022.09.30"]
[Round "3.31"]
[White "Park, Seonjae"]
[Black "Rehacek, Oldrich"]
[Result "1-0"]
[ECO "A40"]
[WhiteElo "1704"]
[BlackElo "1366"]
[Annotator "NA RC COMBH"]
[PlyCount "63"]
[EventDate "2022.09.30"]
[EventCountry "SVK"]
[SourceTitle "playchess.com"]
[Source "ChessBase"]
[SourceQuality "1"]
[TimeControl "2700+10"]

1. d4 b6 2. c4 e6 3. Nc3 Bb4 4. Bd2 Bb7 5. f3 Nf6 6. e4 d6 7. a3 Bxc3 8. Bxc3 O-O 9. Qd2 c5 10. d5 exd5 11. exd5 Re8+ 12. Be2 Nbd7 13. O-O-O Ne5 14. g4 Bc8 15. h3 Rb8 16. f4 Ng6 17. Bf3 Ne4 18. Bxe4 Rxe4 19. Ne2 Rxc4 20. f5 Nh4 21. Ng3 Nf3 22. Qe2 Ne5 23. Kb1 Ra4 24. Bxe5 dxe5 25. Qxe5 Bb7 26. Rhe1 Rd4 27. Rxd4 cxd4 28. Nh5 f6 29. Qe6+ Kf8 30. d6 Bc8 31. Qe7+ Qxe7 32. dxe7+ 1-0

[Event "Slovakia Open 2022"]
[Site "Bratislava"]
[Date "2022.09.30"]
[Round "3.32"]
[White "Nosal, Tobias"]
[Black "Dubnicka, Ferdinand"]
[Result "1-0"]
[ECO "E62"]
[WhiteElo "1601"]
[BlackElo "1494"]
[Annotator "NA RC COMBH"]
[PlyCount "151"]
[EventDate "2022.09.30"]
[EventCountry "SVK"]
[SourceTitle "playchess.com"]
[Source "ChessBase"]
[SourceQuality "1"]
[TimeControl "2700+10"]

1. d4 Nf6 2. c4 d6 3. g3 g6 4. Bg2 Bg7 5. Nc3 O-O 6. Nf3 c6 7. O-O Bg4 8. h3 Bxf3 9. Bxf3 h6 10. Qb3 Qc7 11. d5 c5 12. e4 Nfd7 13. Bf4 Ne5 14. Bg2 Nbd7 15. Rad1 a6 16. Rfe1 Kh7 17. Bf1 f5 18. exf5 Nf3+ 19. Kg2 Nxe1+ 20. Rxe1 Bf6 21. fxg6+ Kxg6 22. Qc2+ Kg7 23. Bd3 Ne5 24. Bxe5 dxe5 25. Bh7 Kh8 26. Re4 e6 27. Bg6 Qg7 28. Rg4 Qe7 29. h4 Rad8 30. Qd2 Bg7 31. Qe3 b5 32. b3 b4 33. d6 Qxd6 34. Ne4 Qc6 35. Kh2 Rd4 36. Bh5 Rxe4 37. Rxe4 Rxf2+ 38. Qxf2 Qxe4 39. Qf7 Qf5 40. Qe8+ Kh7 41. Bf7 h5 42. Qg8+ Kh6 43. Bxe6 Qf2+ 44. Kh3 Qf1+ 45. Kh2 Qf6 46. Bd5 Qf8 47. Qe6+ Qf6 48. Qh3 Qf2+ 49. Qg2 Qxg2+ 50. Kxg2 a5 51. Be4 Bf6 52. Kf3 Kg7 53. Ke3 Kf7 54. Bf5 Kg7 55. Ke4 Kf7 56. Kd5 e4 57. Kxc5 e3 58. Bd3 Ke6 59. Be2 Ke5 60. Bxh5 Ke4 61. Kb5 Bd8 62. c5 Kd3 63. Ka6 e2 64. Bxe2+ Kxe2 65. h5 Kd3 66. Kb7 Kd4 67. c6 Kd5 68. c7 Bxc7 69. Kxc7 Ke5 70. Kb6 Kf5 71. Kxa5 Kg5 72. Kxb4 Kxh5 73. a4 Kg4 74. a5 Kxg3 75. a6 Kf4 76. a7 1-0

[Event "Slovakia Open 2022"]
[Site "Bratislava"]
[Date "2022.09.30"]
[Round "3.33"]
[White "Malaschitz, Teodor"]
[Black "Kluckova, Alzbeta"]
[Result "1-0"]
[ECO "C50"]
[WhiteElo "1448"]
[BlackElo "1097"]
[Annotator "NA RC COMBH"]
[PlyCount "83"]
[EventDate "2022.09.30"]
[EventCountry "SVK"]
[SourceTitle "playchess.com"]
[Source "ChessBase"]
[SourceQuality "1"]
[TimeControl "2700+10"]

1. e4 e5 2. Nf3 Nc6 3. Bc4 Bc5 4. d3 Nge7 5. c3 d6 6. Be3 Bxe3 7. fxe3 Na5 8. Nbd2 Nxc4 9. Nxc4 b5 10. Ncd2 Ng6 11. O-O O-O 12. d4 Qe8 13. Qe1 c6 14. Nh4 Nxh4 15. Qxh4 Qd8 16. Qh5 Be6 17. Nf3 Qd7 18. Ng5 h6 19. Nxe6 Qxe6 20. Qf5 Qxf5 21. Rxf5 f6 22. d5 c5 23. Rff1 a5 24. a4 b4 25. cxb4 cxb4 26. Rfc1 Rac8 27. g4 Rxc1+ 28. Rxc1 b3 29. Rc6 Rd8 30. Kf2 Kf7 31. Ke2 Ke7 32. Kd2 Kd7 33. Rb6 Rc8 34. Rxb3 Rc5 35. Rc3 Rc7 36. Rxc7+ Kxc7 37. Kc3 Kb6 38. Kc4 g6 39. b4 h5 40. gxh5 gxh5 41. h4 axb4 42. Kxb4 1-0

[Event "Slovakia Open 2022"]
[Site "Bratislava"]
[Date "2022.09.30"]
[Round "3.34"]
[White "Ruderfer, Mark B"]
[Black "Kostic, Ivan"]
[Result "1-0"]
[ECO "C29"]
[WhiteElo "2236"]
[BlackElo "1716"]
[Annotator "TA"]
[PlyCount "38"]
[EventDate "2022.09.30"]
[EventCountry "SVK"]
[SourceTitle "playchess.com"]
[Source "ChessBase"]
[SourceQuality "1"]
[TimeControl "2700+10"]

1. e4 e5 2. Nc3 Nf6 3. f4 exf4 4. e5 Ng8 5. Nf3 d6 6. d4 {[%emt 0:00:38] C29: Vienna Game: 2...Nf6 3 f4.} dxe5 7. Bc4 {[%emt 0:01:35] [#]} ({Much worse is} 7. Nxe5 Qh4+ 8. Kd2 (8. g3 fxg3 9. Bg2 gxh2+ 10. Kf1 Bd6 $17) 8... Qf2+ 9. Qe2 Qxd4+ 10. Ke1 Be7 11. Bxf4 Nf6 $15) (7. Qe2 $1 $14) 7... g5 $146 {[%emt 0:01:55][%mdl 8192] [#] A mistake that costs the game.} (7... Nc6 $15 {keeps the upper hand.}) ({Predecessor:} 7... Bg4 8. Bxf7+ Ke7 9. Bd5 c6 10. Be4 exd4 11. Qxd4 Qxd4 12. Nxd4 Nf6 13. Bxf4 Nbd7 {1-0 (41) Depta,T (1888)-Sandor,S (1653) Ostrava 2014}) 8. Nxe5 $18 {[%emt 0:00:37] White has a decisive advantage.} Be6 (8... Nh6 9. Qh5 Bg7 10. Nxf7 Qe7+ 11. Ne5+ Kd8) 9. Bxe6 fxe6 10. Qh5+ {[%emt 0:00:04] White mates.} Ke7 11. Qf7+ Kd6 12. Nb5+ Kd5 13. c4+ Ke4 14. O-O Qf6 15. Re1+ Kf5 16. g4+ fxg3 17. Rf1+ {[%emt 0:00:03][%mdl 64] [#] Deflection} Ke4 18. Rxf6 Nxf6 19. Qxf6 Rg8 {[%emt 0:00:13] Weighted Error Value: White=0.07 (flawless) /Black=1.69} 1-0

[Event "Slovakia Open 2022"]
[Site "Bratislava"]
[Date "2022.09.30"]
[Round "3.35"]
[White "Romanova, Ela"]
[Black "Matejka, Simon"]
[Result "0-1"]
[ECO "C27"]
[WhiteElo "1580"]
[BlackElo "1422"]
[Annotator "NA COMBH"]
[PlyCount "65"]
[EventDate "2022.09.30"]
[EventCountry "SVK"]
[SourceTitle "playchess.com"]
[Source "ChessBase"]
[SourceQuality "1"]
[TimeControl "2700+10"]

1. e4 e5 2. Nc3 Nc6 3. Bc4 Nf6 4. d3 Bc5 5. f4 d6 6. h3 Be6 7. Bxe6 fxe6 8. fxe5 dxe5 9. Nf3 O-O 10. Bg5 h6 11. Bh4 Qe8 12. Qd2 Nh5 13. Bf2 Bxf2+ 14. Qxf2 Nd4 15. O-O-O Nf4 16. Qd2 Nxg2 17. Nxe5 Nf4 18. Rdf1 Qh5 19. Rxf4 Qxe5 20. Rg4 Qh5 21. Rhg1 Rf7 22. Qe3 Rd8 23. e5 Nf5 24. Qe2 Qxh3 25. Kb1 Kh8 26. Ne4 Qh5 27. Qd2 Nd4 28. Qe3 Qxe5 29. Rh1 Nf5 30. Qd2 a6 31. Ng5 Rf6 32. Re4 Qd5 33. Ree1 0-1

[Event "Slovakia Open 2022"]
[Site "Bratislava"]
[Date "2022.09.30"]
[Round "3.36"]
[White "Dolnik, Michal"]
[Black "Nedoba, Jakub"]
[Result "1-0"]
[ECO "B13"]
[WhiteElo "1485"]
[BlackElo "1160"]
[Annotator "NA COMBH"]
[PlyCount "47"]
[EventDate "2022.09.30"]
[EventCountry "SVK"]
[SourceTitle "playchess.com"]
[Source "ChessBase"]
[SourceQuality "1"]
[TimeControl "2700+10"]

1. e4 c6 2. Nf3 d5 3. exd5 cxd5 4. d4 Bg4 5. Be2 Nc6 6. Bf4 e6 7. Nc3 Nf6 8. h3 Bxf3 9. Bxf3 Bd6 10. Bxd6 Qxd6 11. Qd2 a6 12. O-O b5 13. h4 O-O 14. Rad1 Rfd8 15. g3 Ne7 16. g4 h6 17. g5 hxg5 18. Qxg5 Nd7 19. Kh1 g6 20. Rg1 Kg7 21. Rg3 Rh8 22. h5 Nf6 23. Rh3 Rh7 24. h6+ 1-0

[Event "Slovakia Open 2022"]
[Site "Bratislava"]
[Date "2022.09.30"]
[Round "3.37"]
[White "Rehacek, Jan"]
[Black "Certik Peter"]
[Result "1-0"]
[ECO "D00"]
[WhiteElo "1342"]
[BlackElo "1000"]
[Annotator "NA COMBH"]
[PlyCount "58"]
[EventDate "2022.09.30"]
[EventCountry "SVK"]
[SourceTitle "playchess.com"]
[Source "ChessBase"]
[SourceQuality "1"]
[TimeControl "2700+10"]

1. d4 d5 2. Bf4 Nf6 3. Nf3 Nc6 4. Nc3 e6 5. e3 a6 6. a3 Be7 7. Ne5 Bd7 8. Bd3 Bd6 9. O-O h6 10. Qf3 Qe7 11. Rfe1 O-O-O 12. Qe2 Ne4 13. Bxa6 Na7 14. Nxd7 Rxd7 15. Nb5 Nxb5 16. Bxb5 c6 17. Bd3 Ng5 18. a4 f6 19. a5 e5 20. dxe5 fxe5 21. Bxg5 hxg5 22. Bf5 e4 23. Bxd7+ Kxd7 24. a6 Bxh2+ 25. Kf1 Bc7 26. Qg4+ Kd8 27. axb7 Rh1+ 28. Ke2 Rxe1+ 29. Rxe1 Bb8 1-0

[Event "Slovakia Open 2022"]
[Site "Bratislava"]
[Date "2022.09.30"]
[Round "3.38"]
[White "Hlavac, Tomas"]
[Black "Hryshko Herman"]
[Result "1-0"]
[ECO "B52"]
[WhiteElo "1554"]
[BlackElo "1000"]
[Annotator "NA RC COMBH"]
[PlyCount "103"]
[EventDate "2022.09.30"]
[EventCountry "SVK"]
[SourceTitle "playchess.com"]
[Source "ChessBase"]
[SourceQuality "1"]
[TimeControl "2700+10"]

1. e4 c5 2. Nf3 d6 3. Bb5+ Bd7 4. Bxd7+ Nxd7 5. O-O Ngf6 6. Re1 g6 7. c3 Bg7 8. Qe2 O-O 9. d4 cxd4 10. cxd4 e5 11. dxe5 dxe5 12. Bg5 h6 13. Bh4 g5 14. Bg3 Qc7 15. Nc3 Rac8 16. h3 Nh5 17. Bh2 f6 18. Nd5 Qd6 19. Rad1 Qe6 20. Nxg5 fxg5 21. Qxh5 Rc2 22. Re2 Rc4 23. Qg4 Qxg4 24. hxg4 Nc5 25. f3 Rf7 26. Ne3 Rb4 27. Nf5 Na4 28. Nxg7 Nxb2 29. Rd8+ Kh7 30. Nf5 Nc4 31. Nd6 Nxd6 32. Rxd6 Rb1+ 33. Kf2 b5 34. Bxe5 b4 35. Red2 Rc1 36. Rd7 Rxd7 37. Rxd7+ Kg8 38. Rxa7 Rc2+ 39. Kg3 Rc5 40. Bd6 Rc8 41. Bxb4 h5 42. gxh5 Re8 43. h6 Kh8 44. Bc3+ Kg8 45. Rg7+ Kf8 46. Bb4+ Re7 47. Bxe7+ Ke8 48. h7 Kd7 49. h8=Q Kc6 50. Qc8+ Kb5 51. Rxg5+ Ka4 52. Qc4# 1-0

[Event "Slovakia Open 2022"]
[Site "Bratislava"]
[Date "2022.10.01"]
[Round "4.1"]
[White "Leniart, Arkadiusz"]
[Black "Korobov, Anton"]
[Result "0-1"]
[ECO "C09"]
[WhiteElo "2479"]
[BlackElo "2671"]
[Annotator "TA"]
[PlyCount "126"]
[EventDate "2022.09.30"]
[EventCountry "SVK"]
[SourceTitle "playchess.com"]
[Source "ChessBase"]
[SourceQuality "1"]
[TimeControl "2700+10"]

1. e4 c5 2. c3 e6 3. d4 d5 4. exd5 exd5 5. Nf3 Nc6 6. Bb5 Bd6 7. dxc5 Bxc5 8. O-O Nge7 9. Nbd2 O-O 10. Nb3 Bb6 11. Re1 Bg4 12. h3 {[%emt 0:00:02] C09: French Tarrasch: 3...c5 4 exd5 exd5 5 Ngf3 Nc6.} Bh5 13. Be3 Bxe3 14. Rxe3 {[%emt 0:00:02] White is slightly better.} Nf5 15. Re1 {[%emt 0:00:02] [#]} Bg6 $146 ({Predecessor:} 15... Nh4 16. Be2 Re8 17. Nxh4 Bxe2 18. Rxe2 Qxh4 19. Rxe8+ Rxe8 20. Qd2 Qc4 21. Re1 Re6 {1-0 (35) Quesada Perez,Y (2452)-Otero Acosta,D (2527) Merida 2013}) 16. Qd2 a6 17. Bd3 Qd6 18. Rad1 Rad8 19. Bxf5 Bxf5 20. c4 Qf6 21. cxd5 Be6 22. d6 $16 {[%emt 0:02:26] aiming for Nc5.} Bxh3 23. Qc3 (23. Nc5 {seems wilder.} Bg4 24. Re3 b6 25. Nxa6 Rfe8 26. Rxe8+ Rxe8 27. Qd5) 23... Qxc3 24. bxc3 Bc8 (24... Bg4 $16) 25. c4 (25. Nc5 $18) 25... f6 26. Nc5 {[%emt 0:04:04] Strongly threatening d7.} Rf7 {[%emt 0:02:03] [#] Prevents d7.} 27. Na4 (27. Rd5 $1 $16) 27... b5 $14 28. Nb6 bxc4 29. Nxc4 (29. Re4 $5 ) 29... Bg4 30. Rd3 (30. Nd4 {with more complications.} Ne5 31. Nxe5 fxe5 32. Nc6) 30... Bxf3 31. gxf3 Rb7 32. f4 Kf7 33. Rd5 Rb5 34. Red1 Rxd5 35. Rxd5 $11 {[%emt 0:00:04][%mdl 4096] Endgame KRN-KRN} Ke6 36. Rc5 Kd7 37. Rh5 h6 38. Rh3 Nd4 39. Ra3 Kc6 $1 40. Kf1 {[%emt 0:01:55] White is now going downhill.} Kc5 41. Rc3 Nb5 42. Rc2 Nxd6 43. Ne5+ Kd5 44. Nc6 Ra8 45. Nb4+ (45. Kg2 $17 {was worth a try.}) 45... Ke4 $19 46. Rc6 a5 47. Na6 Nf5 {[%emt 0:00:49] Threatens to win with ...Nd4.} 48. Rc4+ (48. Nc7 Rb8 49. Kg2) 48... Kf3 49. Nc5 Rc8 50. Rc3+ Kg4 51. Ke2 h5 52. f3+ Kh3 {[%emt 0:00:25] Hoping for ...Kg2.} 53. Kf2 Ng3 54. f5 h4 55. a4 Kh2 56. Rc1 h3 57. Rc2 Rc7 58. Rc1 Nxf5 59. f4 Nd4 {[%emt 0:00:41] [#] ...Ne6 is the strong threat.} 60. Ke3 Nb3 61. Rc2+ Kg1 {[%emt 0:00:13] Black mates.} 62. Rb2 Rxc5 63. Rxb3 h2 {[%emt 0:00:08] Weighted Error Value: White=0.52/Black=0.10 (very precise)} 0-1

[Event "Slovakia Open 2022"]
[Site "Bratislava"]
[Date "2022.10.01"]
[Round "4.2"]
[White "Stocek, Jiri"]
[Black "Klabis, Rokas"]
[Result "1-0"]
[ECO "D06"]
[WhiteElo "2559"]
[BlackElo "2396"]
[Annotator "TA"]
[PlyCount "45"]
[EventDate "2022.09.30"]
[EventCountry "SVK"]
[SourceTitle "playchess.com"]
[Source "ChessBase"]
[SourceQuality "1"]
[TimeControl "2700+10"]

1. Nf3 Nf6 2. c4 d5 3. cxd5 Nxd5 4. e4 Nb6 5. d4 Bg4 6. Be3 {[%emt 0:02:01] D06: Queen's Gambit: Symmetrical and Baltic Defences.} e5 7. d5 c6 {[%emt 0:02:22][%cal Rc6d5] [#]} 8. Nc3 $146 {[%emt 0:00:06] White is slightly better.} ({Predecessor:} 8. dxc6 Qxd1+ 9. Kxd1 Nxc6 10. Be2 Bb4 11. Nbd2 O-O-O 12. Kc2 Bxf3 13. Nxf3 Nd4+ 14. Bxd4 exd4 {½-½ (22) Boba,D (1488)-Rakovsky,J (1035) Liptovsky Mikulas 2017}) 8... cxd5 (8... Bd6 $14) 9. Bb5+ $16 (9. exd5 Bb4 $14) (9. Nxd5 $6 Nxd5 10. Bb5+ (10. exd5 Bb4+ 11. Ke2 O-O $15) 10... Bd7 11. Bxd7+ Qxd7 $11) 9... N8d7 {[%emt 0:03:32] aiming for ...d4.} 10. Bxb6 {[%emt 0:05:44] White has more active pieces.} (10. exd5 $6 Bb4 $11) (10. Nxd5 $6 Nxd5 11. Qxd5 Bb4+ 12. Ke2 (12. Bd2 Bxd2+ 13. Qxd2 Bxf3 $11) 12... O-O $14) 10... Qxb6 11. Bxd7+ (11. exd5 $6 Rd8 $11) (11. Qxd5 $6 f6 $11) 11... Bxd7 12. Nxe5 Qxb2 {[%emt 0:11:20] [#]} (12... Qc7 $16) 13. O-O $1 $40 {[%emt 0:01:53][%mdl 128] Black is in trouble.} Qxc3 (13... Bd6 {is more resistant.} 14. Qxd5 Be6 15. Qxd6 Rd8) 14. Qxd5 Be6 15. Qb5+ Ke7 {[%emt 0:00:02] Threatens to win with ...Rc8.} 16. Rac1 Qd4 {[%emt 0:05:51] And now ...Qb6 would win.} 17. Rc7+ {[%emt 0:06:13][%mdl 64] [#] Skewer, Double Attack} (17. Rfd1 Qb6 18. Qa4 Rd8 19. Qa3+ Kf6 20. Qf3+ (20. Qg3 $2 Rxd1+ 21. Rxd1 Bc5 $19) 20... Ke7 21. Qa3+ Kf6 22. Qf3+ (22. Qg3 $2 Rxd1+ 23. Rxd1 Bc5 $19) 22... Kxe5 $17) 17... Kd8 18. Rxb7 {[%emt 0:02:05] Nc6+ would kill now.} Rc8 19. Rb8 {[%emt 0:03:02] Dancing on a razor blade.} ({Weaker is} 19. Nc6+ Rxc6 20. Qxc6 Bd6 $18) 19... Bd7 (19... Ke7 $11 20. Rxc8 (20. Nc6+ Rxc6 21. Qxc6 Kf6 $11) 20... Qxe4 21. Re8+ Kf6 22. Nd7+ Kg6 23. Nxf8+ Rxf8 24. Rxf8 h6) 20. Rxc8+ {[%emt 0:02:45] White is clearly winning.} ({Not} 20. Nxd7 Qxd7 21. Rxc8+ Qxc8 $16) 20... Kxc8 21. Nxd7 Bd6 22. Rc1+ Kd8 23. Qb7 {[%emt 0:00:15] Black got outplayed after the opening.  Weighted Error Value: White=0.21 (precise) /Black=0.57} 1-0

[Event "Slovakia Open 2022"]
[Site "Bratislava"]
[Date "2022.10.01"]
[Round "4.3"]
[White "Kukelko, Alexey"]
[Black "Heberla, Bartlomiej"]
[Result "0-1"]
[ECO "C55"]
[WhiteElo "2280"]
[BlackElo "2568"]
[Annotator "TA"]
[PlyCount "130"]
[EventDate "2022.09.30"]
[EventCountry "SVK"]
[SourceTitle "playchess.com"]
[Source "ChessBase"]
[SourceQuality "1"]
[TimeControl "2700+10"]

1. e4 e5 2. Nf3 Nc6 3. Bc4 Nf6 4. d3 h6 5. c3 d6 6. b4 g5 {[%emt 0:01:34][%cal Bg7g5,Bg5g4][%mdl 32] C55: Two Knights: 4 d3, 4 d4 exd4 5 e5 and Max Lange Attack.} 7. Qb3 Qe7 8. Nbd2 (8. O-O $14) 8... Bg7 {[%emt 0:00:10] The position is equal.} 9. Nf1 Be6 {[%emt 0:04:35] [#]} 10. Ne3 $146 ({Predecessor:} 10. Ng3 a5 11. a3 axb4 12. cxb4 g4 13. Nh4 Nd4 14. Qd1 Nxe4 15. Bxe6 fxe6 16. dxe4 Qxh4 {1-0 (54) Nord,M (2066)-Thybo,T (2136) Svendborg 2019}) 10... Qd7 11. h4 g4 12. Nh2 (12. Nd2 $11) 12... Bxc4 $15 13. Qxc4 Ne7 14. Bd2 d5 15. exd5 h5 16. d4 ({White should play} 16. f3 $15) 16... Nfxd5 17. dxe5 Nxe3 18. Bxe3 Bxe5 19. Rd1 {[%emt 0:00:52] Prevents Qd5.} Qc6 ({Black should try} 19... Qe6 $17 20. Qd3 Bxh2 21. Rxh2 O-O) 20. Qxc6+ Nxc6 21. Rd3 O-O 22. Nf1 Rfe8 (22... Rfd8 $5 23. Kd2 b5 $11) 23. Kd1 b5 24. Nd2 {[%emt 0:01:18] Black converts the advantage convincingly.} (24. f4 $1 $11 {remains equal.} Bd6 25. Ng3) 24... a5 $36 {[%emt 0:00:02][%mdl 2048] Black is on the roll.} 25. a3 (25. bxa5 $142 Rxa5 26. Ke2) 25... axb4 $19 26. cxb4 {[%emt 0:00:03] [#]} Nxb4 $1 27. Rb3 Nd5 28. Re1 Bd6 29. Nb1 c6 30. Bd2 Rxe1+ 31. Kxe1 Ra4 32. g3 f5 33. Bc1 Re4+ 34. Kd1 Bc5 35. Rb2 Rc4 36. Re2 Kf7 37. Bb2 Bd6 38. Rd2 (38. Nd2 $142 Ra4 39. Kc1) 38... f4 39. Rd3 fxg3 40. fxg3 Re4 41. Bc1 Ke6 42. Bg5 Ra4 43. Kc2 c5 44. Rb3 Rc4+ 45. Kd3 Rd4+ 46. Ke2 c4 47. Rxb5 c3 {[%emt 0:00:01] Strongly threatening ...c2.} 48. Rb3 c2 49. Nc3 {[%emt 0:00:02] [#]} Be5 $2 (49... Bf4 $1 50. Na2 Rd2+ 51. Kf1 Rd1+ 52. Ke2 Bxg5 53. hxg5 Ra1) 50. Na2 Rd1 51. Bc1 Nc3+ 52. Nxc3 Rxc1 {[%emt 0:00:01][%mdl 4096] Endgame KRB-KRN} 53. Kd2 {[%emt 0:00:05] Against Re1} Rg1 54. Kxc2 (54. Ne2 {nothing else works.} Rg2 55. Re3) 54... Rg2+ 55. Kd1 Rxg3 56. Rb6+ Kf5 57. Ne2 Rh3 58. a4 Rxh4 {[%emt 0:00:01] aiming for ...Rh1+.} 59. a5 Rh1+ 60. Kd2 Ra1 {[%emt 0:00:01] ...h4 is the strong threat.} 61. a6 h4 62. Ke3 h3 {[%emt 0:00:13] ( -> ...h2)} 63. Rb5 h2 {[%emt 0:00:43] Black mates.} 64. Ng3+ Ke6 65. Rb6+ Kd7 {[%emt 0:00:12] Weighted Error Value: White=0.89/Black=0.21 (precise)} 0-1

[Event "Slovakia Open 2022"]
[Site "Bratislava"]
[Date "2022.10.01"]
[Round "4.4"]
[White "Laurusas, Tomas"]
[Black "Mikrut, Dariusz"]
[Result "1/2-1/2"]
[ECO "E92"]
[WhiteElo "2563"]
[BlackElo "2316"]
[Annotator "TA"]
[PlyCount "96"]
[EventDate "2022.09.30"]
[EventCountry "SVK"]
[SourceTitle "playchess.com"]
[Source "ChessBase"]
[SourceQuality "1"]
[TimeControl "2700+10"]

1. d4 Nf6 2. c4 g6 3. Nc3 Bg7 4. e4 d6 5. Be2 O-O 6. Nf3 e5 7. Be3 Ng4 8. Bg5 f6 9. Bc1 Nc6 {[%emt 0:02:00] 9...exd4 is vanishing.} 10. h3 {[%emt 0:03:59] 10.0-0 is the modern continuation.} exd4 {[%emt 0:01:14] E92: King's Indian: Classical: 6 Be2 e5: 7 dxe5, 7 Be3 and Petrosian System without 7...Nbd7.} 11. Nxd4 Nxd4 12. Qxd4 Ne5 13. Be3 f5 {[%emt 0:00:22][%cal Oe5f3] ...Nf3+! is the strong threat.} 14. Qd2 Be6 15. exf5 Rxf5 (15... Bxc4 $2 16. Bxc4+ Nxc4 17. Qd5+ Kh8 18. Qxc4 $18) (15... gxf5 $11 {keeps the balance.} 16. b3 Qf6) 16. b3 $16 {[%emt 0:00:41] [#]} Qh4 $146 ({Predecessor:} 16... Qf6 17. Rc1 Rf8 18. Rf1 Nc6 19. Nb5 Qe7 20. Kd1 a6 21. Nc3 Qf7 22. Nd5 Bxd5 23. cxd5 {½-½ (32) Rocha,J (2196)-Bonfim,H (1932) Vitoria 2013}) 17. Rc1 Raf8 18. g3 (18. O-O {is more complex.} g5 19. Nd5 R8f7 20. f3) 18... Qd8 19. f4 Nc6 20. O-O (20. Bg4 {feels hotter.} h5 21. Bxf5 Bxf5 22. O-O) 20... R5f7 21. h4 Re8 22. Bf2 Qd7 23. Bf3 Bxc3 24. Qxc3 h5 25. Rfe1 Kh7 26. b4 a6 (26... b6 $14) 27. b5 axb5 28. cxb5 Nd8 29. a4 {[%emt 0:00:03] White has more active pieces.} Bf5 $2 (29... c6 $16 30. bxc6 Nxc6 31. Bxc6 bxc6) 30. Rxe8 $18 Qxe8 31. Bd5 $2 {[%emt 0:04:12] A strong pair of Bishops.} (31. Re1 $1 $18 {[%cal Re1e8] and the rest is easy.} Qd7 32. Qe3) 31... Be6 (31... Re7 $16 {keeps fighting.} 32. Bg2 Bg4) 32. Bg2 Qd7 33. Qb4 Rf5 (33... Bg4 $16 34. Qc4 Re7) 34. Bd4 c5 35. bxc6 $1 Nxc6 {[%emt 0:00:01] [#]} 36. Bxc6 ({White must play} 36. Qb6 $1 $18) 36... bxc6 $14 37. Qb8 Bg8 38. Re1 (38. Ba1 $14 {is superior.} Rxf4 39. Rb1 (39. gxf4 Qg4+ 40. Kf2 Qxf4+ 41. Ke2 Qg4+ 42. Ke3 Qg3+ 43. Ke2 Qg4+ 44. Kf2 Qf4+ 45. Ke2 Qg4+ $11) 39... Rxa4 40. Rb7 Rxa1+ 41. Kf2 Qf7+ 42. Rxf7+ Bxf7 43. Qb7 (43. Qxd6 Bd5 $14) 43... Ra2+ 44. Ke3 Ra3+ 45. Kf4 Ra4+ 46. Kf3 Ra3+ 47. Kg2) 38... Rxf4 $1 $11 39. Bf2 (39. gxf4 $2 {loses.} Qg4+ 40. Kf2 Qxf4+ 41. Ke2 Bc4+ 42. Kd1 Qxd4+ 43. Kc2 Qd3+ 44. Kc1 Qc3+ 45. Kd1 Bb3+ 46. Ke2 Bc4+ 47. Kd1 Qf3+ 48. Kd2 Qd3+ 49. Kc1 Qc3+ 50. Kd1 $19) 39... c5 $2 40. a5 $2 (40. gxf4 $18 Qg4+ 41. Kh2) 40... Rb4 {[%emt 0:00:15] [#]} (40... Bd5 $11 41. Re8 Rf3) 41. Qa8 (41. Qf8 $1 $16 {Threatens to win with Re7+.} Rb7 42. a6) 41... Rb7 42. Qa6 (42. Qf8 $11) 42... Qf7 $2 (42... Bd5 $17 {and life is bright. Strongly threatening ...c4.} 43. Qd3 Bc6) 43. Re8 Ra7 44. Qe2 Kh8 (44... Rxa5 $2 45. Re7 Ra7 46. Rxf7+ Rxf7 47. Qa6 $18) (44... Qf6 $11 45. Be1 Bf7) 45. a6 {[%emt 0:00:10][%mdl 1024] White has compensation.} d5 $2 (45... Kh7 $11) 46. Be1 $2 (46. Bxc5 $18 Rc7 47. Bd4+ Kh7 48. Qe3 (48. Qe5 Rc1+ 49. Kh2 Rc2+ 50. Kg1 Rc1+ 51. Kh2 Rc2+ 52. Kg1 Rc1+ $11) 48... Qd7 49. a7 Rxa7 50. Bxa7 Qf5 51. Rb8) 46... d4 47. Qe5+ Kh7 (47... Qg7 $11 {remains equal.}) 48. Bd2 (48. Qxc5 $16 Rc7 49. Qd6 (49. Qe5 Qg7 $16)) 48... Qf5 {[%emt 0:00:37] Weighted Error Value: White=0.58/Black=0.44} (48... Qg7 $11) 1/2-1/2